 Dungeon Crawl Stone Soup version 0.30.0-29-ga12c61a403 (webtiles) character file.

Game seed: 16144527709703893972

1073 safid the Chiller (level 8, 0/55 (63) HPs)
             Began as a Merfolk Ice Elementalist on June 16, 2023.
             Was an Initiate of Vehumet.
             Killed from afar by Maggie (19 damage)
             ... with a bolt of fire
             ... on level 6 of the Dungeon.
             The game lasted 00:11:31 (4752 turns).

safid the Chiller (Merfolk Ice Elementalist)        Turns: 4752, Time: 00:11:31

HP:   0/55 (63)     AC: 11    Str:  8    XL:     8   Next: 28%
MP:   10/15         EV: 19    Int: 17    God:    Vehumet [......]
Gold: 206           SH:  0    Dex: 20    Spells: 10/17 levels left

rFire   . . .        q - +4 shortbow "Jellyslayer" {flame, Dex+6}
rCold   . . .        (shield currently unavailable)
rNeg    . . .        a - +0 robe
rPois   .            c - +0 helmet
rElec   .            (no cloak)
rCorr   .            (no gloves)
SInv    .            p - +0 pair of boots
Will    .....        (no amulet)
Stlth   ++           k - ring of wizardry
HPRegen 0.29/turn    H - +5 ring of evasion
MPRegen 0.14/turn

%: wizardry (x1)
@: ice-armoured, freezing walls, heavily drained
A: (nimble swimmer 2), mertail
a: Renounce Religion


You were on level 6 of the Dungeon.
You worshipped Vehumet.
Vehumet was noncommittal.
You visited 1 branch of the dungeon, and saw 6 of its levels.
You also visited: Sewer.

You collected 294 gold pieces.
You spent 88 gold pieces at shops.

Inventory:

Hand Weapons
 i - a +1 trident of venom
 q - the +4 shortbow "Jellyslayer" (weapon) {flame, Dex+6}
   (You found it on level 4 of the Dungeon)

   Dex:       It affects your dexterity (+6).
Armour
 a - a +0 robe (worn)
 c - a +0 helmet (worn)
 p - a +0 pair of boots (worn)
Jewellery
 k - a ring of wizardry (left hand)
 H - a +5 ring of evasion (right hand)
Wands
 g - a wand of charming (6)
Scrolls
 d - 3 scrolls of teleportation
 e - a scroll of amnesia
 f - a scroll of magic mapping {unknown}
 m - a scroll of poison {unknown}
 n - a scroll of vulnerability {unknown}
 u - 2 scrolls of fear
 x - 2 scrolls of enchant armour
 y - 2 scrolls of summoning
 D - a scroll of blinking {unknown}
 F - a scroll of enchant weapon {unknown}
Potions
 b - a potion of magic
 h - 3 potions of curing
 j - a potion of flight {unknown}
 o - a potion of degeneration {unknown}
 r - a potion of brilliance {unknown}
 s - a potion of ambrosia {unknown}
 t - 2 potions of mutation {unknown}
 v - a potion of heal wounds
 w - a potion of lignification {unknown}
 z - a potion of berserk rage {unknown}
 A - a potion of might {unknown}
 B - 3 potions of invisibility {unknown}
 C - a potion of resistance {unknown}
 E - a potion of cancellation {unknown}
 G - a potion of haste {unknown}


   Skills:
 + Level 5.5 Fighting
 - Level 4.0 Dodging
 - Level 2.1 Stealth
 + Level 5.1 Spellcasting
 + Level 7.3 Ice Magic


You had 10 spell levels left.
You knew the following spells:

 Your Spells              Type           Power      Damage    Failure   Level
a - Freeze                Ice            100%       1d10      1%          1
b - Frozen Ramparts       Ice            58%        1d9       1%          3
c - Ozocubu's Armour      Ice            29%        N/A       1%          3

Your spell library contained the following spells:

 Spells                   Type           Power      Damage    Failure   Level
 Cigotuvi's Dreadful Rot  Necr/Pois/Air  8%         N/A       9%          2
 Summon Ice Beast         Ice/Summ       16%        N/A       12%         4
 Volatile Blastmotes      Fire/Tloc      8%         2d10      16%         3
 Dispel Undead            Necr           4%         3d7       45%         4
 Fulminant Prism          Conj/Hex       2%         3d5       45%         4
 Iskenderun's Mystic Bla  Conj/Tloc      4%         2d3       45%         4
 Lee's Rapid Deconstruct  Erth           2%         3d4*      80%         5
 Death Channel            Necr           2%         N/A       100%        6


Dungeon Overview and Level Annotations

Branches:
Dungeon (6/15)             Temple (0/1) D:5           Sewer (visited)

Altars:
Cheibriados
Fedhas
Kikubaaqudgha
Vehumet
Zin
The Shining One

Shops:
D:4 !

Annotations:
D:4 1 runed translucent door, Crazy Yiuf
D:6 Maggie


Innate Abilities, Weirdness & Mutations

((You are very nimble when in or above water. (Stealth+, EV+, Speed+++)))
Your lower body shifts to a powerful aquatic tail in water.


Message History

Maggie hits you from afar with a +1 halberd of draining!
You feel drained.
Casting: Frozen Ramparts (safe; 1% risk of failure)
Confirm with . or Enter, or press ? or * to list all spells.
Casting: Frozen Ramparts (safe; 1% risk of failure)
Press: ? - help, Dir - look around, f - activate The walls around you are covered in ice.
Maggie hits you from afar with a +1 halberd of draining.
You feel drained.
Casting: Frozen Ramparts (safe; 1% risk of failure)
Confirm with . or Enter, or press ? or * to list all spells.
A film of ice covers your body! Maggie closely misses you.
Maggie gestures wildly while chanting.
Maggie attempts to bespell you!
You are mesmerised by Maggie!
You shoot an arrow. The arrow barely misses Maggie.
Maggie completely misses you.
You shoot an arrow. The arrow hits Maggie!
The arrow burns Maggie.
Maggie is moderately wounded.
Maggie completely misses you. Maggie hits you but does no damage.
You feel drained.
You shoot an arrow. The arrow closely misses Maggie.
Maggie hits you from afar with a +1 halberd of draining!
You feel drained.
You shoot an arrow. The arrow closely misses Maggie.
Maggie hits you from afar with a +1 halberd of draining!
You feel drained.
Maggie hits you from afar with a +1 halberd of draining!
You feel drained.
You are too injured to fight recklessly!
You are too injured to fight recklessly!
You are too injured to fight recklessly!
Fire: q) +4 shortbow "Jellyslayer" {flame, Dex+6}
Press: ? - help, Q - select action, (/) - cycle Shift-Dir - straight line, f/p - Maggie
Aim: Maggie, wielding a +1 halberd of draining and wearing +0 acid dragon scales (moderately wounded, mesmerising, 68% to hit)
You shoot an arrow. The arrow barely misses Maggie.
You break out of your daze.
Maggie points at you and mumbles some strange words.
The bolt of fire hits you!!
You die...

... #..#
#....##.)##
.._......##
#....#....# .
##...#..#.##
..###.###..#...
...........#.###
.....@.....#>#
#...@.....#
###########


You could see Maggie.

Vanquished Creatures
  Duvessa (D:5)
  An ogre (D:6)
  2 phantoms
  2 kobold brigands (Sewer)
  A scorpion (D:5)
  Dowan (D:5)
  2 hounds (D:4)
  2 jellies
  An orc priest (D:5)
  Jessica (D:2)
  2 iguanas (D:5)
  Terence (D:2)
  An orc wizard (D:4)
  A gnoll (D:1)
  2 river rats (D:5)
  8 adders
  A white imp (D:5)
  3 worms
  7 dart slugs
  6 orcs
  18 ball pythons
  10 endoplasms
  3 giant cockroaches
  4 goblins
  10 hobgoblins
  5 quokkas
  2 bats (D:1)
  2 frilled lizards (D:2)
  10 kobolds
  8 rats
118 creatures vanquished.

Notes
Turn   | Place    | Note
-------+----------+-------------------------------------------
     0 | D:1      | safid the Merfolk Ice Elementalist began the quest for the
                  | Orb.
     0 | D:1      | Reached XP level 1. HP: 13/13 MP: 3/3
   279 | D:1      | Reached XP level 2. HP: 20/20 MP: 5/5
   299 | D:1      | Reached skill level 1 in Fighting
   634 | D:1      | Reached XP level 3. HP: 17/26 MP: 6/6
   638 | D:1      | Learned a level 3 spell: Frozen Ramparts
  1060 | D:2      | Learned a level 3 spell: Ozocubu's Armour
  1113 | D:2      | Noticed Jessica
  1120 | D:2      | Killed Jessica
  1121 | D:2      | Reached skill level 5 in Ice Magic
  1121 | D:2      | Reached XP level 4. HP: 32/33 MP: 6/8
  1535 | D:2      | Noticed Terence
  1541 | D:2      | Killed Terence
  1833 | D:3      | Reached XP level 5. HP: 39/39 MP: 9/9
  1865 | D:3      | Found a faded altar of an unknown god.
  2592 | D:4      | Reached XP level 6. HP: 34/47 MP: 1/11
  2678 | D:4      | Found a runed translucent door.
  2679 | D:4      | Noticed Crazy Yiuf
  2715 | D:4      | Found an ancient bone altar of Kikubaaqudgha.
  2858 | D:4      | Identified the +4 shortbow "Jellyslayer" {flame, Dex+6}
  3018 | D:4      | Found Husub's Distillery.
  3029 | D:4      | Bought a potion of curing for 33 gold pieces
  3029 | D:4      | Bought a potion of heal wounds for 55 gold pieces
  3084 | D:4      | Found a glowing golden altar of the Shining One.
  3280 | D:5      | Entered Level 5 of the Dungeon
  3322 | D:5      | Noticed Duvessa
  3322 | D:5      | Noticed Dowan
  3330 | D:5      | Killed Duvessa
  3331 | D:5      | Reached skill level 6 in Ice Magic
  3331 | D:5      | Reached XP level 7. HP: 29/53 MP: 5/12
  3333 | D:5      | Killed Dowan
  3750 | D:5      | Found a glowing drain.
  3754 | Sewer    | Entered a sewer
  4057 | Sewer    | Reached skill level 5 in Fighting
  4057 | Sewer    | Reached XP level 8. HP: 62/62 MP: 13/15
  4184 | D:5      | Found a glowing silver altar of Zin.
  4279 | D:5      | Found a radiant altar of Vehumet.
  4287 | D:5      | Became a worshipper of Vehumet
  4385 | D:5      | Reached skill level 7 in Ice Magic
  4433 | D:5      | Found a staircase to the Ecumenical Temple.
  4665 | D:6      | Found a blossoming altar of Fedhas.
  4724 | D:6      | Reached skill level 5 in Spellcasting
  4724 | D:6      | Found a snail-covered altar of Cheibriados.
  4740 | D:6      | Noticed Maggie
  4752 | D:6      | Killed from afar by Maggie

Illustrated notes

Levels and vault maps discovered:
D:1:      wander_arrival_lonely_grave, layout_basic
D:2:      layout_loops_ring, serial_forest, infiniplex_forest_clump_large,
          infiniplex_forest_clump_curved, infiniplex_forest_clump_cross,
          infiniplex_forest_clump_small, infiniplex_forest_clump_small,
          infiniplex_forest_clump_small, infiniplex_forest_lined_corner,
          infiniplex_forest_lined_3, infiniplex_forest_clump_double,
          uniq_jessica, uniq_terence
D:3:      layout_loops_cross, ebering_ecumenical_altar_sacrificial,
          serial_bayou_lake_a
D:4:      cheibrodos_quashed, layout_rooms, kiku_gazebo_garden_becter,
          tso_oasis_becter, serial_shops, nicolae_shop_waterfront,
          minmay_surrounded, uniq_crazy_yiuf_cottage
D:5:      layout_loops_cross, fiery_altar_vehumet,
          mainiacjoe_overflow_concentric_impassable, minmay_temple_entry_fiery,
          gup_sewer_entry_spiral, chequers_serial_rivers_large_a,
          grunt_ministairs_7, uniq_duvessa
D:6:      wander_river, layout_loops_ring, yredelemnul_forgotten_temple_becter,
          mainiacjoe_overflow_alcove_4, nicolae_overflow_crystal_walls,
          item_on_display_a, uniq_maggie

Skill      XL: |  1  2  3  4  5  6  7  8 |
---------------+-------------------------+-----
Fighting       | 1 2 3 5 |  5.5
Dodging        | 3 4 |  4.0
Ice Magic      | 5 6 7 |  7.3
Spellcasting   | 3 4 5 |  5.1
Stealth        | |  2.1

Action                     |  1- 3 |  4- 6 |  7- 9 || total
---------------------------+-------+-------+-------++-------
  Melee: Mace              |    37 |       |       ||    37
         Unarmed           |     1 |       |       ||     1
         Trident           |    23 |   110 |       ||   133
   Fire: Shortbow          |       |    13 |    93 ||   106
   Cast: Freeze            |    14 |     5 |     2 ||    21
         Frozen Ramparts   |       |     5 |     3 ||     8
         Ozocubu's Armour  |       |     2 |     1 ||     3
    Use: Scroll            |       |       |     6 ||     6
   Stab: Sleeping          |     3 |    12 |       ||    15
 Armour: Robe              |    19 |    15 |     4 ||    38
  Dodge: Dodged            |    42 |    76 |    31 ||   149
